 Dungeon Crawl Stone Soup version 0.24.0-124-g2791043dd8 (webtiles) character file.

Game seed: 1401815692074458127, levelgen mode: deterministic

289 Curus the Twirler (level 6, -1/35 HPs)
             Began as a Gargoyle Gladiator on Feb 16, 2020.
             Slain by an orc warrior
             ... wielding a +0 long sword
              (13 damage)
             ... on level 4 of the Dungeon.
             The game lasted 00:10:09 (2839 turns).

Curus the Twirler (Gargoyle Gladiator)              Turns: 2839, Time: 00:10:09

Health: -1/35      AC: 12    Str: 16 (18) XL:     6   Next: 31%
Magic:  6/6        EV:  7    Int:  6 (8)  God:
Gold:   152        SH:  0    Dex: 13      Spells: 5/5 levels left

rFire    + . .     SeeInvis .   a - +0 quarterstaff
rCold    + . .     Gourm    .   (shield currently unavailable)
rNeg     + . .     Faith    .   g - +0 chain mail
rPois    ∞         Spirit   .   (helmet restricted)
rElec    +         Reflect  .   (no cloak)
rCorr    .         Harm     .   (no gloves)
MR       .....                  (no boots)
Stlth    ..........             (no amulet)
HPRegen  0.11/turn              j - ring of protection from cold
MPRegen  0.10/turn              (no ring)

@: no status effects
A: antennae 1, fire resistance 1, negative energy resistance 1, electricity
resistance, unbreathing, petrification resistance, rot immunity, MP-powered
wands, AC +4
a: no special abilities


You were on level 4 of the Dungeon.
You were near starving.

You visited 1 branch of the dungeon, and saw 4 of its levels.

You collected 152 gold pieces.

Inventory:

Hand Weapons
 a - a +0 quarterstaff (weapon)
Missiles
 d - 3 throwing nets (quivered)
Armour
 b - a +0 leather armour
 c - a +0 helmet
 g - a +0 chain mail (worn)
Jewellery
 j - a ring of protection from cold (left hand)
Scrolls
 h - 3 scrolls of identify
 i - a scroll of blinking
Potions
 e - a potion of mutation
Comestibles
 f - 4 rations


   Skills:
 - Level 2.1 Fighting
 + Level 6.9 Staves
 - Level 1.7 Throwing
 - Level 2.4 Dodging


You had 5 spell levels left.
You didn't know any spells.
Your spell library was empty.

Dungeon Overview and Level Annotations

Branches:
Dungeon (4/15)
 Temple: D:4-7

Altars:
Nemelex Xobeh


Innate Abilities, Weirdness & Mutations

You are resistant to torment.
Your stone body is resilient. (AC +4)
You are immune to poison.
You resist negative energy. (rN+)
You are resistant to electric shocks. (rElec)
You can survive without breathing.
You are immune to petrification.
You are immune to rotting.
You have a pair of small antennae on your head.
Your flesh is heat resistant. (rF+)
You expend magic power (3 MP) to strengthen your wands.


Message History

The orc warrior hits you but does no damage.
Your chain mail prevents you from hitting the orc warrior.
The orc warrior is heavily wounded.
The orc warrior hits you with a +0 long sword.
You hit the orc warrior but do no damage.
The orc warrior is heavily wounded.
The orc warrior hits you with a +0 long sword.
You sock the orc warrior!
The orc warrior is severely wounded.
You hit the orc warrior but do no damage.
The orc warrior is severely wounded.
The orc warrior hits you but does no damage.
You hit the orc warrior but do no damage.
The orc warrior is severely wounded.
The orc warrior hits you with a +0 long sword!
You are near starving!
You completely miss the orc warrior.
The orc warrior is severely wounded.
The orc warrior hits you with a +0 long sword!
You die...

#+# #.# #.# #########.#
........#.# ........#.# #.
........#.# .# #.
........#@# .. #.
........#o#### #.## #.
....oo..'...(# ### #..# #.
....o...#.#.####.# #.###.
........#......#.####..##.
........###.##.#..........
##..........#..........##.
#.########.####.####...#.
#. #....(.####.#.#.


You could see an orc warrior.

Vanquished Creatures
  A scorpion (D:3)
  An orc priest (D:4)
  2 orc wizards (D:3)
  3 gnolls (D:3)
  An adder (D:2)
  4 oozes
  3 worms
  A dart slug (D:1)
  A leopard gecko (D:3)
  12 orcs
  6 bats
  A giant cockroach (D:3)
  8 goblins
  8 hobgoblins
  2 quokkas (D:3)
  A ball python (D:2)
  5 frilled lizards
  8 kobolds
  9 rats
77 creatures vanquished.

Notes
Turn   | Place    | Note
-------+----------+-------------------------------------------
     0 | D:1      | Curus the Gargoyle Gladiator began the quest for the Orb.
     0 | D:1      | Reached XP level 1. HP: 12/12 MP: 1/1
    15 | D:1      | Gained mutation: You expend magic power (3 MP) to
                  | strengthen your wands. [potion of mutation]
    15 | D:1      | Gained mutation: You have a pair of small antennae on your
                  | head. [potion of mutation]
    15 | D:1      | Gained mutation: Your flesh is heat resistant. (rF+)
                  | [potion of mutation]
   134 | D:1      | Reached XP level 2. HP: 14/17 MP: 2/2
   379 | D:1      | Reached skill level 4 in Staves
   389 | D:1      | Reached XP level 3. HP: 21/21 MP: 3/3
   900 | D:2      | Reached XP level 4. HP: 20/26 MP: 4/4
   993 | D:2      | Reached skill level 5 in Staves
  1356 | D:2      | Found a sparkling altar of Nemelex Xobeh.
  1957 | D:3      | Reached XP level 5. HP: 26/30 MP: 5/5
  2014 | D:3      | Reached skill level 6 in Staves
  2175 | D:3      | Reached XP level 6. HP: 35/35 MP: 6/6
  2806 | D:4      | Noticed an orc warrior
  2839 | D:4      | Slain by an orc warrior

Levels and vault maps discovered:
D:1:      minmay_arrival_four_circles, layout_basic
D:2:      layout_rooms, first_ration, nemelex_dance_club_becter
D:3:      layout_loops_corners
D:4:      layout_basic, lemuel_blue_sif_altar, overflow_temple_1_default

Skill      XL: |  1  2  3  4  5 |
---------------+----------------+-----
Staves         | 4 5 6 |  6.9
Fighting       | |  2.1
Throwing       | |  1.7
Dodging        | |  2.4

Action                   |  1- 3 |  4- 6 || total
-------------------------+-------+-------++-------
Melee: Quarterstaff      |    87 |   221 ||   308
  Use: Potion            |     3 |     2 ||     5
       Scroll            |       |     2 ||     2
 Stab: Distracted        |     1 |       ||     1
  Eat: Chunk             |       |     5 ||     5
Armor: Leather armour    |    32 |    24 ||    56
       Chain mail        |       |   104 ||   104
Dodge: Dodged            |    37 |    88 ||   125
